 Dungeon Crawl Stone Soup version 0.30-a0-457-g4b7bca3bfa (webtiles) character file.

Game seed: 3411560261408974323

2646 McMuffin the Covered (level 9, -5/69 HPs)
             Began as a Demonspawn Wanderer on Dec 13, 2022.
             Was an Initiate of Gozag.
             Killed by divine providence
             ... invoked by a meliai
              (15 damage)
             ... on level 7 of the Dungeon.
             The game lasted 00:16:22 (6448 turns).

McMuffin the Covered (Demonspawn Wanderer)          Turns: 6448, Time: 00:16:23

Health: -5/69      AC: 18    Str: 18    XL:     9   Next: 35%
Magic:  12/12      EV:  6    Int: 15    God:    Gozag
Gold:   702        SH:  5    Dex: 10    Spells: 11/12 levels left

rFire   . . .      SeeInvis .    I - +5 morningstar
rCold   . . .      Faith    .    (no shield)
rNeg    . . .      Spirit   .    o - +2 plate armour {Will+}
rPois   .          Reflect  +    i - +0 helmet
rElec   .          Harm     .    m - +0 cloak
rCorr   .          Rampage  .    (no gloves)
Will    +....                    (no boots)
Stlth   ..........               h - amulet of reflection
HPRegen 0.31/turn                (no ring)
MPRegen 0.13/turn                (no ring)

@: no status effects
A: hooves 2, spiny 1, weakness stinger 2, demonic touch 1
a: Renounce Religion, Potion Petition, Call Merchant, Bribe Branch


You were on level 7 of the Dungeon.
You worshipped Gozag.
Gozag was pleased with you.
You visited 2 branches of the dungeon, and saw 9 of its levels.

You collected 786 gold pieces.
You paid 84 gold pieces to Gozag.

Inventory:

Hand Weapons
 a - a +2 quarterstaff
 j - a +0 rapier
 C - a +0 war axe
 H - a +2 mace
 I - a +5 morningstar (weapon)
Missiles
 s - 3 javelins
Armour
 b - a +0 helmet
 d - a +0 robe
 i - a +0 helmet (worn)
 m - a +0 cloak (worn)
 o - a +2 plate armour of willpower (worn)
 G - a +0 kite shield
Jewellery
 h - an amulet of reflection (around neck)
Scrolls
 c - a scroll of blinking
 g - 2 scrolls of amnesia {unknown}
 k - 6 scrolls of identify {unknown}
 l - 2 scrolls of magic mapping {unknown}
 p - 2 scrolls of enchant armour {unknown}
 r - a scroll of enchant weapon {unknown}
 t - a scroll of noise {unknown}
 w - 2 scrolls of immolation {unknown}
 x - 3 scrolls of teleportation {unknown}
 y - a scroll of butterflies {unknown}
 A - 4 scrolls of fear {unknown}
 B - 2 scrolls of fog {unknown}
 D - 2 scrolls of vulnerability {unknown}
Potions
 e - 2 potions of lignification {unknown}
 f - 2 potions of attraction {unknown}
 n - 2 potions of might {unknown}
 q - 2 potions of heal wounds {unknown}
 u - 5 potions of curing {unknown}
 v - 2 potions of cancellation {unknown}
 z - 3 potions of berserk rage {unknown}
 E - a potion of degeneration {unknown}
 F - a potion of ambrosia {unknown}


   Skills:
 + Level 5.8 Fighting
 - Level 3.9 Short Blades
 - Level 4.3 Axes
 * Level 0.4(3.3) Maces & Flails
 - Level 2.8(2.9) Staves
 * Level 7.5 Armour
 - Level 0.5 Dodging
 - Level 1.2 Stealth
 - Level 2.0 Spellcasting
 - Level 2.8 Conjurations
 - Level 1.4 Fire Magic
 - Level 1.1 Evocations


You had 11 spell levels left.
You knew the following spells:

 Your Spells              Type           Power      Damage    Failure   Level
a - Foxfire               Conj/Fire      28%        2x1d5     95%         1

Your spell library contained the following spells:

 Spells                   Type           Power      Damage    Failure   Level
 Necrotise                Necr           4%         1d4       99%         1
 Slow                     Hex            4%         N/A       99%         1
 Momentum Strike          Conj/Tloc      10%        3d8       99%         2
 Blink                    Tloc           2%         N/A       100%        2
 Confusing Touch          Hex            1%         N/A       100%        3
 Lesser Beckoning         Tloc           2%         N/A       100%        3
 Mephitic Cloud           Conj/Pois/Air  4%         N/A       100%        3
 Vampiric Draining        Necr           1%         2d6       100%        3
 Manifold Assault         Tloc           1%         N/A       100%        4
 Agony                    Necr           1%         N/A       100%        5
 Fireball                 Conj/Fire      3%         3d4       100%        5
 Starburst                Conj/Fire      3%         6d3       100%        6
 Storm Form               Tmut/Air       0%         N/A       100%        7


Dungeon Overview and Level Annotations

Branches:
Dungeon (8/15)             Temple (1/1) D:5
   Lair: D:8-11

Altars:
Ashenzari
Cheibriados
Gozag
Kikubaaqudgha
Nemelex Xobeh
Qazlal
Ru
Trog
Uskayaw
Vehumet
Yredelemnul


Innate Abilities, Weirdness & Mutations

You have hoof-like feet.
You are partially covered in sharp spines.
You have a tail ending in a sharp stinger.
Your touch may inflict minor irresistible damage on your foes.


Message History

Something smites you! The meliai closely misses you.
The meliai stings you but does no damage.
The meliai attacks as you move away! The meliai is struck by your spines.
The meliai hits you with a +0 hand axe.
The meliai stings you but does no damage.
The meliai barely misses you. x2
The meliai barely misses you. You block the meliai's attack.
The meliai attacks as you move away! The meliai barely misses you.
The meliai stings you but does no damage.
The meliai calls down the wrath of its god upon you.
Something smites you!
The boulder beetle curls into a ball and begins rolling!
Things that are here:
a +0 flail; a +0 leather armour You block the meliai's attack.
The meliai stings you but does no damage.
You block the meliai's attack.
The meliai stings you but does no damage.
There is a stone staircase leading up here.
The meliai is struck by your spines. The meliai barely misses you.
The meliai stings you but does no damage.
The meliai hits you but does no damage. The meliai stings you.
You climb upwards.
There is a stone staircase leading down here.
You hit the meliai.
Your tail-slap misses the meliai.
The meliai is heavily wounded.
The meliai invokes the aid of its god against you.
Something smites you!
* * * LOW HITPOINT WARNING * * *
You block the meliai's attack. The meliai stings you!
* * * LOW HITPOINT WARNING * * *
The meliai completely misses you. The meliai barely misses you.
You closely miss the meliai. Your kick misses the meliai.
Your tail-slap misses the meliai.
The meliai is heavily wounded.
The meliai mumbles some strange prayers to its god against you.
Something smites you!
You die...
Your body crumbles into a pile of gold.

#. #####. #.....
#.....
###########.....
###........##.....
#..........##.....
#y..#.#....##.....
#@.........##.....
#.#.....#.........
#.........#.#.....
##.#.....#.#.#.....
#............#.....
#....#.#...###....#
#..........###....#
#...[####..)..#####
##.).# #.....#..+.


You could see a meliai.

Vanquished Creatures
  2 steam dragons
  2 water moccasins
  A sky beast (D:6)
  A black bear (D:7)
  2 ogres
  A centaur (D:7)
  4 phantoms
  4 bullfrogs
  3 gnoll sergeants
  4 scorpions
  5 wights (D:8)
  A howler monkey (D:7)
  2 hounds
  An orc priest (D:7)
  A jelly (D:7)
  2 iguanas
  2 orc wizards
  10 gnolls
  8 adders
  A shadow imp (D:8)
  2 worms (D:3)
  3 dart slugs
  13 orcs
  4 ball pythons
  4 bats
  9 endoplasms
  5 giant cockroaches (D:1)
  4 goblins
  7 hobgoblins
  5 quokkas
  5 frilled lizards
  7 kobolds
  5 rats
130 creatures vanquished.

Vanquished Creatures (others)
  43 foxfires
43 creatures vanquished.

Grand Total: 173 creatures vanquished

Notes
Turn   | Place    | Note
-------+----------+-------------------------------------------
     0 | D:1      | McMuffin the Demonspawn Wanderer began the quest for the
                  | Orb.
     0 | D:1      | McMuffin set off with the following items: a +2
                  | quarterstaff, a +0 helmet, a scroll of blinking, a +0 robe;
                  | and the following spell memorised: Foxfire; and the
                  | following spells available to memorise: Mephitic Cloud.
     0 | D:1      | Reached XP level 1. HP: 15/15 MP: 2/2
   271 | D:1      | Discovered your monstrous ancestry.
   271 | D:1      | Gained mutation: You have a small tail. [demonic ancestry]
   271 | D:1      | Reached XP level 2. HP: 21/21 MP: 1/3
  1535 | D:2      | Gained mutation: You are partially covered in sharp spines.
                  | [demonic ancestry]
  1535 | D:2      | Reached XP level 3. HP: 26/26 MP: 4/4
  1877 | D:3      | Reached skill level 1 in Fire Magic
  1937 | D:3      | Gained mutation: You have a tail ending in a sharp stinger.
                  | [demonic ancestry]
  1937 | D:3      | Reached XP level 4. HP: 27/32 MP: 6/6
  2404 | D:4      | Reached skill level 2 in Armour
  2420 | D:4      | Reached skill level 1 in Short Blades
  2535 | D:4      | Noticed a scorpion
  2544 | D:4      | Killed a scorpion
  2545 | D:4      | Reached XP level 5. HP: 32/38 MP: 7/7
  2770 | D:4      | Found a sparkling altar of Nemelex Xobeh.
  3093 | D:4      | Noticed an ogre
  3102 | D:4      | Killed an ogre
  3103 | D:4      | Reached skill level 3 in Armour
  3103 | D:4      | Gained mutation: You have large cloven feet. [demonic
                  | ancestry]
  3103 | D:4      | Reached XP level 6. HP: 10/46 MP: 9/9
  3306 | D:5      | Entered Level 5 of the Dungeon
  3539 | D:5      | Found a staircase to the Ecumenical Temple.
  3549 | Temple   | Entered the Ecumenical Temple
  3560 | Temple   | Became a worshipper of Gozag Ym Sagoz the Greedy
  3613 | D:5      | Noticed a water moccasin
  3625 | D:5      | Killed a water moccasin
  3821 | D:5      | Reached skill level 4 in Armour
  3821 | D:5      | Gained mutation: Your touch may inflict minor irresistible
                  | damage on your foes. [demonic ancestry]
  3821 | D:5      | Reached XP level 7. HP: 48/52 MP: 10/10
  4358 | D:6      | Found Witsocw's Weapon Shoppe.
  4386 | D:7      | Reached skill level 5 in Armour
  4400 | D:6      | Gained mutation: You have hoof-like feet. [demonic
                  | ancestry]
  4400 | D:6      | Reached XP level 8. HP: 60/60 MP: 11/11
  4896 | D:7      | Reached skill level 6 in Armour
  4904 | D:7      | Reached skill level 1 in Axes
  5064 | D:7      | Reached skill level 5 in Fighting
  5631 | D:7      | Reached XP level 9. HP: 29/68 MP: 12/12
  5985 | D:8      | Reached skill level 7 in Armour
  6433 | D:8      | Noticed a two-headed ogre
  6435 | D:8      | Noticed a meliai
  6437 | D:8      | Noticed a boulder beetle
  6448 | D:7      | Killed from afar by a meliai

Illustrated notes

Levels and vault maps discovered:
D:1:      lightli_arrival_statue_moat, layout_loops_corners
D:2:      layout_loops_ring
D:3:      layout_rooms
D:4:      layout_gridville, amcnicky_altar_gilded, bh_walls_and_bars
D:5:      layout_loops_ring, nicolae_elyvilon_peaceful_grove,
          minmay_temple_entry_junction
D:6:      layout_rooms, serial_shops, shop, reono_crystal_passage
D:7:      layout_gridville, st_stairs_2
D:8:      layout_gridville, minmay_three_doors
Temple:   nicolae_temple_bog_church

Skill      XL: |  1  2  3  4  5  6  7  8  9 |
---------------+----------------------------+-----
Fire Magic     | 1 |  1.4
Armour         | 2 3 4 5 6 7 |  7.5
Short Blades   | 1 2 3 |  3.9
Fighting       | 2 3 4 5 |  5.8
Spellcasting   | 2 |  2.0
Axes           | 3 4 |  4.3
Maces & Flails | |  0.4
Staves         | |  2.8
Dodging        | |  0.5
Stealth        | |  1.2
Conjurations   | |  2.8
Evocations     | |  1.1

Action                   |  1- 3 |  4- 6 |  7- 9 || total
-------------------------+-------+-------+-------++-------
Melee: Quarterstaff      |    15 |       |       ||    15
       Rapier            |    36 |   136 |    66 ||   238
       Tailslap          |     4 |    14 |    16 ||    34
       Punch             |     1 |     1 |     3 ||     5
       Kick              |       |     7 |    41 ||    48
       Touch             |       |       |    23 ||    23
       War axe           |       |       |    77 ||    77
       Morningstar       |       |       |     8 ||     8
 Cast: Foxfire           |    25 |       |       ||    25
Armor: Plate armour      |    23 |    80 |   138 ||   241
       Robe              |     4 |       |       ||     4
Dodge: Dodged            |    16 |    21 |    47 ||    84
Block: Other             |    12 |    36 |    45 ||    93
       Reflection        |       |     2 |       ||     2

Table legend: (Time is in decaauts)
 A = Elapsed time spent in this place.
 B = Non-inter-level travel time spent in this place.
 C = Inter-level travel time spent in this place.
 D = Time resting spent in this place.
 E = Time spent auto-exploring this place.
 F = Levels seen in this place.
 G = Mean time per level.
                   A        B        C        D        E       F      G
               +--------+--------+--------+--------+--------+-----+--------+
         Total |   6507 |   6426 |     81 |      0 |   5169 |   9 |  723.0 |
       Dungeon |   6484 |   6403 |     81 |      0 |   5169 |   8 |  810.5 |
        Temple |     22 |     22 |      0 |      0 |      0 |   1 |   22.0 |
               +--------+--------+--------+--------+--------+-----+--------+

Top non-repeatable levels by time:
     D:1: 1244 daAuts
     D:7: 1192 daAuts
     D:5: 938 daAuts
     D:4: 911 daAuts
     D:2: 630 daAuts
     D:3: 541 daAuts
     D:8: 519 daAuts
     D:6: 506 daAuts
  Temple: 22 daAuts
